 Dungeon Crawl Stone Soup version 0.27-a0-1301-g128193abf8 (webtiles) character file.

Game seed: 1996306746282634229

61 senseless the Shooter (level 3, -3/31 HPs)
             Began as a Minotaur Hunter on June 17, 2021.
             Slain by a gnoll (13 damage)
             ... on level 3 of the Dungeon.
             The game lasted 00:06:42 (2508 turns).

senseless the Shooter (Minotaur Hunter)             Turns: 2508, Time: 00:06:43

Health: -3/31      AC:  3    Str: 17    XL:     3   Next: 83%
Magic:  2/2        EV: 12    Int: 14    God:
Gold:   101        SH:  0    Dex: 10    Spells: 2/2 levels left

rFire    . . .     SeeInvis .   a - +1 shortbow
rCold    . . .     Faith    .   (shield currently unavailable)
rNeg     . . .     Spirit   .   c - +0 leather armour
rPois    .         Reflect  .   g - +0 hat
rElec    .         Harm     .   (no cloak)
rCorr    .         Rampage  .   (no gloves)
Will     .....                  (no boots)
Stlth    +.........             (no amulet)
HPRegen  0.10/turn              e - +6 ring of intelligence
MPRegen  0.08/turn              (no ring)

@: no status effects
A: horns 2, retaliatory headbutt
a: no special abilities


You were on level 3 of the Dungeon.
You visited 1 branch of the dungeon, and saw 3 of its levels.

You collected 101 gold pieces.

Inventory:

Hand Weapons
 a - a +1 shortbow (weapon)
 b - a +0 dagger of venom
Missiles
 d - 30 arrows (quivered ammo)
Armour
 c - a +0 leather armour (worn)
 g - a +0 hat (worn)
Jewellery
 e - a +6 ring of intelligence (left hand)
Scrolls
 f - a scroll of identify {unknown}
 h - a scroll of fog {unknown}
 i - a scroll of noise {unknown}
 k - 2 scrolls of immolation {unknown}
 o - 3 scrolls of summoning {unknown}
Potions
 j - a potion of curing {unknown}
 l - a potion of haste {unknown}
 m - a potion of degeneration {unknown}
 n - a potion of flight {unknown}


   Skills:
 + Level 3.1 Fighting
 + Level 4.8 Bows
 + Level 1.0 Armour
 + Level 2.8 Dodging
 + Level 1.6 Stealth


You had 2 spell levels left.
You didn't know any spells.
Your spell library contained the following spells:

 Spells                   Type           Power      Damage    Failure   Level
 Animate Skeleton         Necr           0%         N/A       34%         1
 Pain                     Necr           0%         1d4       34%         1
 Vampiric Draining        Necr           0%         2d6       71%         3
 Animate Dead             Necr           0%         N/A       98%         4
 Agony                    Necr           0%         N/A       100%        5


Dungeon Overview and Level Annotations

Branches:
Dungeon (3/15)

Altars:
Makhleb

Shops:
D:2 *

Annotations:
D:3 Terence


Innate Abilities, Weirdness & Mutations

You have a pair of horns on your head.
You reflexively headbutt those who attack you in melee.


Message History

Found a burning altar of Makhleb.
There is an open door here.
You open the door.
There is a burning altar of Makhleb here.
There is an open door here.
You now have 96 gold pieces (gained 14).
A bat comes into view.
The bat hits you.
You hit the bat.
You kill the bat!
Found a stone staircase leading down.
You now have 101 gold pieces (gained 5).
You see here a bat corpse.
You open the door.
A gnoll comes into view. It is wielding a +0 halberd.
The gnoll shouts!
You hear a shout! x3
The gnoll hits you from afar with a +0 halberd!
A gnoll comes into view. It is wielding a +0 halberd.
The gnoll hits you with a +0 halberd!
* * * LOW HITPOINT WARNING * * *
You hit the gnoll.
The gnoll is poisoned.
The gnoll is moderately wounded.
The gnoll barely misses you. The gnoll closely misses you.
Your +0 dagger of venom stops dripping with poison.
a - a +1 shortbow (weapon)
You are too injured to fight recklessly!
Fire: 32 arrows
Press: ? - help, Q - select action Shift-Dir - straight line, f - gnoll
Aim: a gnoll, wielding a +0 halberd (heavily wounded, very poisoned, 64% to hit)
You shoot an arrow. The arrow hits the gnoll!
You kill the gnoll!
Your Armour skill increases to level 1!
Fire: 31 arrows
Press: ? - help, Q - select action Shift-Dir - straight line, f - gnoll
Aim: a gnoll, wielding a +0 halberd (64% to hit)
You shoot an arrow. The arrow hits the gnoll!
The gnoll is severely wounded.
The gnoll hits you from afar with a +0 halberd!
You die...

### #.# #.#
###########
######.#
#...@.g...#
#......#
#.#######'#
#.####.# #.# ....
#......#####.#
g......
##......†.....#
..........
.....###.###..#
.#######...
.#...# #.# #.##
.. ...
.#...###'###..#..
..
.#.....+_'....+


You could see a gnoll.

Vanquished Creatures
  An adder (D:3)
  A gnoll (D:3)
  7 bats
  6 endoplasms
  2 giant cockroaches (D:2)
  4 goblins
  4 hobgoblins
  3 kobolds
  A quokka (D:2)
  5 ball pythons
  3 frilled lizards
  3 rats (D:1)
40 creatures vanquished.

Notes
Turn   | Place    | Note
-------+----------+-------------------------------------------
     0 | D:1      | senseless the Minotaur Hunter began the quest for the Orb.
     0 | D:1      | Reached XP level 1. HP: 18/18 MP: 0/0
    40 | D:1      | Reached skill level 1 in Stealth
   122 | D:1      | Reached XP level 2. HP: 21/25 MP: 1/1
  1394 | D:2      | Reached XP level 3. HP: 31/31 MP: 2/2
  1449 | D:2      | Found Zaosac's Assorted Antiques.
  2175 | D:3      | Noticed Terence
  2436 | D:3      | Found a burning altar of Makhleb.
  2508 | D:3      | Reached skill level 1 in Armour
  2508 | D:3      | Slain by a gnoll

Illustrated notes

Levels and vault maps discovered:
D:1:      wander_arrival_lonely_grave, layout_loops_ring, minmay_ruptured
D:2:      layout_loops_corners, serial_shops, nicolae_shop_waterfront
D:3:      layout_basic, lemuel_doored_altar, hellmonk_ecumenical_altar_blasted,
          kennysheep_path_1, uniq_crazy_yiuf_cottage, uniq_terence

Skill      XL: |  1  2  3 |
---------------+----------+-----
Stealth        | 1 |  1.6
Fighting       | 3 |  3.1
Armour         | 1 |  1.0
Bows           | |  4.8
Dodging        | |  2.8

Action                   || total
-------------------------++-------
Melee: Short sword       ||    27
       Headbutt          ||    13
       Dagger            ||    51
 Fire: Shortbow          ||     5
 Stab: Sleeping          ||     2
Armor: Leather armour    ||    11
Dodge: Dodged            ||    40

Table legend: (Time is in decaauts)
 A = Elapsed time spent in this place.
 B = Non-inter-level travel time spent in this place.
 C = Inter-level travel time spent in this place.
 D = Time resting spent in this place.
 E = Time spent auto-exploring this place.
 F = Levels seen in this place.
 G = Mean time per level.
                   A        B        C        D        E       F      G
               +--------+--------+--------+--------+--------+-----+--------+
         Total |   2508 |   2468 |     40 |    245 |   1972 |   3 |  836.0 |
       Dungeon |   2508 |   2468 |     40 |    245 |   1972 |   3 |  836.0 |
               +--------+--------+--------+--------+--------+-----+--------+

Top non-repeatable levels by time:
     D:1: 1021 daAuts
     D:2: 996 daAuts
     D:3: 490 daAuts
